Justin14p, lawful male human Knight ---------- ----- |.........#######|...| |........| #|...| `############### |........| #|...| #--------- # |........| #|.%.. ####.........####### |........| #|...| #|{......| #-........-# #-.--- #........| #----------@ ##########`|.......| ### # ### #--------- # # # ### # # # # # ### # # # # --.-----------# # ##-............|# # |............|# ------# |.............# |....-# |..{...<.....| |)=?!| -------------- ------ Justin14p the Gallant Experience level: 1 Strength: 15 Dexterity: 10 Constitution: 11 Intelligence: 8 Wisdom: 16 Charisma: 17 Health: 9(9) Energy: 4(4) Def: 7 Gold: 43 Moves: 1633 Dungeon seed: KFqGqG8UdwLOKuW8 Game ID: Justin14p_1525553899 Your Inventory: Coins $ - 43 gold pieces Weapons a - a corroded +1 long sword (weapon in hand) b - a +1 lance j - a cursed -1 orcish dagger Armor e - an uncursed +1 ring mail (being worn) n - a blessed +0 helmet (being worn) q - an uncursed +0 small shield (being worn) r - an uncursed +0 pair of leather gloves (being worn) Comestibles c - 9 uncursed apples d - 10 uncursed carrots i - an uncursed tin of lichen u - an uncursed food ration Scrolls f - an uncursed scroll of light g - an uncursed scroll of remove curse l - an uncursed scroll of confuse monster t - a blessed scroll of identify Gems y - 13 uncursed rocks Spells and supernatural/magical abilities: Name Level Category Fail Memory W - pray for help -- divine ? -- X - turn undead -- divine ? -- Y - supernatural jump -- ability ? -- Your skills at the end: Fighting Skills riding [Basic] Weapon Skills long sword [Basic] lance [Basic] Spellcasting Skills Final Attributes: You were piously aligned. You could jump. You were unlucky. Lugh was angry with you. You survived. Vanquished creatures: an acid blob a kobold 2 goblins 2 grid bugs a kobold zombie 5 newts 12 creatures vanquished. Voluntary challenges: You followed a strict vegan diet. You used a wielded weapon 8 times, starting on turn 122. You were illiterate. You never genocided any monsters. You never polymorphed an object. You never changed form. You used no wishes. You never split a pudding. You never wrote Elbereth's name. You never violated your personal moral code. Dungeon overview: The Dungeons of Doom: levels 1 to 3 Level 1 a long staircase Level 2 Level 3 <- You were here a general store, some fountains History has recorded: On T:1 you entered the Dungeons of Doom to retrieve the Amulet of Yendor! On T:321 you reached level 2 of The Dungeons of Doom. On T:619 you reached level 3 of The Dungeons of Doom. Score breakdown: Gold: 43 ( 5590 points) Experience: 1 level ( 0 points) Exploration: 3 levels ( 6.67%) ( 6396 points) Discoveries: 1 item ( 0.41%) ( 1912 points) Valuables value: (no points given unless you survive) Artifact value: 0 ( 0 points) Variety of kills: 6 monsters ( 1.57%) ( 3764 points) Turncount: 1633 turns ( 0 points) Survival: quit (score multiplied by 90%) Total score: 15895 Latest messages: A potion of gain energy, price 113 zorkmids. You hear water falling on coins. A potion of gain energy, price 113 zorkmids. You are beginning to feel hungry. "For you, esteemed sir; only 113 for this potion of gain energy." You have a little trouble lifting v - a potion of gain energy (unpaid, 113 zorkmids). There is nothing here to pick up. You see here a black potion (75 zorkmids). "For you, honored sir; only 75 for this black potion." You have a little trouble lifting w - a black potion (unpaid, 75 zorkmids). There are a few objects here. (2x) You see here an ivory ring (75 zorkmids). Tuktoyaktuk says that your bill comes to 188 zorkmids. (6x) There are a few objects here. Tuktoyaktuk says that your bill comes to 188 zorkmids. (9x) Tuktoyaktuk blocks your way. Tuktoyaktuk blocks your way. Tuktoyaktuk blocks your way. Tuktoyaktuk blocks your way. You drop a black potion (unpaid, 75 zorkmids). You drop a potion of gain energy (unpaid, 113 zorkmids). Final status: Fare thee well Justin14p the Knight, quit... You quit in The Dungeons of Doom on dungeon level 3 with 15895 points, and 43 pieces of gold, after 1633 moves. You were level 1 with a maximum of 9 hit points when you quit.